 Dungeon Crawl Stone Soup version 0.31.0-32-g396128a36d (webtiles) character file.

Game seed: 9149143811364209659

838 AngelsEnvy the Trooper (level 7, -3/85 (87) HPs)
             Began as a Demonspawn Gladiator on Mar 18, 2024.
             Slain by Crazy Yiuf
             ... wielding a +4 quarterstaff of chaos
              (7 damage)
             ... on level 5 of the Dungeon.
             The game lasted 00:04:47 (4498 turns).

AngelsEnvy the Trooper (Demonspawn Gladiator)       Turns: 4498, Time: 00:04:48

HP:   -3/85 (87)    AC:  8    Str: 16    XL:     7   Next: 67%
MP:   7/7           EV: 15    Int:  9    God:
Gold: 90            SH:  0    Dex: 17    Spells: 6/6 levels left

rFire   . . .        a - +0 quarterstaff
rCold   . . .        (shield currently unavailable)
rNeg    . . .        b - +0 leather armour
rPois   .            c - +0 helmet
rElec   .            (no cloak)
rCorr   .            r - +2 pair of gloves {Dex+3}
SInv    +            u - +0 pair of boots
Will    .....        (no amulet) Stlth
                     v - ring of see invisible
HPRegen 0.34/turn    L - ring of flight
MPRegen 0.20/turn

%: no passive effects
@: confused, berserking (expiring), flying, lightly drained, very quick
A: claws 1, repulsion field 1, foul stench 2, magic regeneration
a: no special abilities


You were on level 5 of the Dungeon.
You visited 1 branch of the dungeon, and saw 5 of its levels.

You collected 279 gold pieces.
You spent 189 gold pieces at shops.


Innate Abilities, Weirdness & Mutations

You have sharp fingernails.
You are surrounded by a mild repulsion field. (EV +2)
You sometimes emit foul miasma when damaged in melee.
You regenerate magic rapidly.


   Skills:
 - Level 6.0 Fighting
 - Level 4.5(5.0) Polearms
 - Level 2.6(4.0) Staves
 - Level 1.7 Throwing
 - Level 3.0 Armour
 + Level 3.0 Dodging


You had 6 spell levels left.
You didn't know any spells.
Your spell library contained the following spells:

 Spells                   Type           Power      Damage    Failure   Level
 Sting                    Conj/Alch      0%         1d3       43%         1
 Blink                    Tloc           0%         N/A       58%         2
 Lesser Beckoning         Tloc           0%         N/A       58%         2
 Mercury Vapours          Alch/Air       0%         N/A       58%         2
 Momentum Strike          Conj/Tloc      0%         3d8       58%         2
 Olgreb's Toxic Radiance  Alch           0%         N/A       99%         4

Inventory:

Hand Weapons
 a - a +0 quarterstaff (weapon)
Missiles
 d - 3 throwing nets (quivered) {=f}
 e - a javelin
 p - 10 poisoned darts
Armour
 b - a +0 leather armour (worn)
 c - a +0 helmet (worn)
 r - a +2 pair of gloves of dexterity (worn)
 u - a +0 pair of boots (worn)
Magical Staves
 x - a staff of conjuration {!a}
Jewellery
 v - a ring of see invisible (left hand)
 L - a ring of flight (right hand)
Scrolls
 f - 2 scrolls of noise {unknown}
 g - a scroll of acquirement {unknown}
 h - a scroll of teleportation {unknown}
 i - 2 scrolls of enchant weapon {unknown}
 j - 3 scrolls of identify {unknown}
 l - a scroll of summoning {unknown}
 o - 2 scrolls of amnesia {unknown}
 q - a scroll of fog {unknown}
 t - 2 scrolls of revelation {unknown}
 y - 2 scrolls of blinking {unknown}
 z - a scroll of poison {unknown}
 A - a scroll of enchant armour {unknown}
Potions
 k - a potion of brilliance {unknown}
 m - a potion of degeneration {unknown}
 n - 4 potions of curing {@q1}
 s - a potion of might {unknown}
 w - 2 potions of mutation {unknown}

Dungeon Overview and Level Annotations

Branches:
Dungeon (5/15)
 Temple: D:4-7

Altars:
Uskayaw
Wu Jian

Shops:
D:4 [   D:5 *::

Annotations:
D:3 Grinder
D:5 Crazy Yiuf

#..........########..
############ #..
##########.. ▒▒▒▒▒
#........... ▒)..▒
###########. ▒...▒ #.
... #. ▒g▒ ##. ♣@♣♣
##.. ♣♣.♣ #... ♣.♣♣
#########... ♣♣.♣
#........... ♣♣.♣♣
#####.####.. ♣♣...♣
#<# #.. ♣....♣
#####.# #.. #....#
#.....# #..
###..########.####..


You could see Crazy Yiuf (very poisoned).


Message History

Crazy Yiuf yells, "Castle childish down!"
Crazy Yiuf hits you with a +4 quarterstaff of chaos.
* * * LOW HITPOINT WARNING * * *
Crazy Yiuf burns you.
Crazy Yiuf hits you with a +4 quarterstaff of chaos!
* * * LOW HITPOINT WARNING * * *
You convulse!
* * * LOW HITPOINT WARNING * * *
Crazy Yiuf whimpers, "Rot!"
Crazy Yiuf hits you with a +4 quarterstaff of chaos!
* * * LOW HITPOINT WARNING * * *
Crazy Yiuf freezes you.
* * * LOW HITPOINT WARNING * * *
Crazy Yiuf hits you with a +4 quarterstaff of chaos!
* * * LOW HITPOINT WARNING * * *
Crazy Yiuf burns you.
* * * LOW HITPOINT WARNING * * *
You emit a cloud of foul miasma!
You turn to flesh and can move again.
Unknown command.
The web tears apart.
Crazy Yiuf is engulfed in dark miasma.
Crazy Yiuf is poisoned.
Crazy Yiuf hits you with a +4 quarterstaff of chaos.
* * * LOW HITPOINT WARNING * * *
You are confused.
You're too confused to move!
You feel a strong urge to attack something.
Crazy Yiuf is engulfed in dark miasma.
Crazy Yiuf looks even sicker.
Crazy Yiuf hits you with a +4 quarterstaff of chaos!
You die...

Skill      XL: |  1  2  3  4  5  6  7 |
---------------+----------------------+-----
Fighting       | 3 4 5 6 |  6.0
Armour         | 2 3 |  3.0
Dodging        | 3 |  3.0
Polearms       | 3 4 |  4.5
Staves         | |  2.6
Throwing       | |  1.7

Action                     |  1- 3 |  4- 6 |  7- 9 || total
---------------------------+-------+-------+-------++-------
  Melee: Quarterstaff      |    83 |   134 |    37 ||   254
  Throw: Throwing net      |       |     1 |       ||     1
    Use: Potion            |       |     1 |       ||     1
   Stab: Sleeping          |     1 |     1 |     1 ||     3
 Armour: Leather armour    |    48 |    79 |    36 ||   163
  Dodge: Dodged            |    65 |   109 |    29 ||   203

Levels and vault maps discovered:
D:1:      dpeg_arrival_rooms_b, layout_rooms
D:2:      layout_basic, st_stairs_12, uniq_jessica
D:3:      layout_basic, mainiacjoe_overflow_surrounded_room, uniq_sigmund,
          uniq_grinder
D:4:      layout_rooms, serial_shops, shop, uniq_natasha
D:5:      layout_loops_ring, eat_drink_and_be_merry_uskayaw, serial_shops,
          nicolae_shop_window_shopping, shop, shop, item_on_display_b,
          uniq_crazy_yiuf_cottage, uniq_prince_ribbit1

Notes
Turn   | Place    | Note
-------+----------+-------------------------------------------
     0 | D:1      | AngelsEnvy the Demonspawn Gladiator began the quest for the
                  | Orb.
     0 | D:1      | Reached XP level 1. HP: 16/16 MP: 1/1
   136 | D:1      | Gained mutation: You may rarely emit foul miasma when
                  | damaged in melee. [demonic ancestry]
   136 | D:1      | Reached XP level 2. HP: 20/23 MP: 2/2
   255 | D:1      | Reached skill level 3 in Fighting
   503 | D:2      | Gained mutation: You have sharp fingernails. [demonic
                  | ancestry]
   503 | D:2      | Reached XP level 3. HP: 26/29 MP: 3/3
   876 | D:2      | Noticed Jessica
   892 | D:2      | Killed Jessica
   893 | D:2      | Reached skill level 4 in Fighting
   893 | D:2      | Reached XP level 4. HP: 20/38 MP: 4/4
  1027 | D:2      | Identified the +6 scale mail "Toufu" {rCorr Slay-4 Stlth+}
  1425 | D:3      | Found an ornate altar of the Wu Jian Council.
  1614 | D:3      | Noticed Sigmund
  1642 | D:3      | Killed Sigmund
  1643 | D:3      | Reached skill level 5 in Fighting
  1643 | D:3      | Reached skill level 2 in Armour
  1643 | D:3      | Reached skill level 3 in Dodging
  1643 | D:3      | Gained mutation: You are surrounded by a mild repulsion
                  | field. (EV +2) [demonic ancestry]
  1643 | D:3      | Reached XP level 5. HP: 31/44 MP: 5/5
  2088 | D:3      | Noticed Grinder
  2104 | D:3      | Paralysed by Grinder for 3 turns
  2122 | D:3      | HP: 2/44 [Grinder/nerve-wracking pain (8)]
  2129 | D:3      | HP: 1/44 [Grinder/nerve-wracking pain (12)]
  2293 | D:4      | Reached skill level 3 in Armour
  2497 | D:4      | Noticed Natasha
  2504 | D:4      | Killed Natasha
  2505 | D:4      | Gained mutation: You regenerate magic rapidly. [demonic
                  | ancestry]
  2505 | D:4      | Reached XP level 6. HP: 50/51 MP: 6/6
  2530 | D:4      | Reached skill level 1 in Polearms
  2531 | D:4      | Found Pear's Antique Armour Shoppe.
  2545 | D:4      | Bought a pair of embroidered gloves for 120 gold pieces
  2548 | D:4      | Noticed Natasha
  2563 | D:4      | Killed Natasha
  2680 | D:4      | Noticed Natasha
  2693 | D:4      | Killed Natasha
  3184 | D:5      | Entered Level 5 of the Dungeon
  3211 | D:5      | Reached skill level 2 in Polearms
  3370 | D:5      | Reached skill level 3 in Polearms
  3443 | D:5      | Found a runed translucent door.
  3444 | D:5      | Noticed Crazy Yiuf
  3479 | D:5      | Gained mutation: You sometimes emit foul miasma when
                  | damaged in melee. [demonic ancestry]
  3479 | D:5      | Reached XP level 7. HP: 12/56 MP: 7/7
  3754 | D:5      | Reached skill level 4 in Polearms
  3766 | D:5      | Found Zunioxi's Assorted Antiques.
  3793 | D:5      | Found Bunaj's Book Emporium.
  3839 | D:5      | Found a hide-covered altar of Uskayaw.
  3912 | D:5      | Noticed Prince Ribbit
  3937 | D:5      | Killed Prince Ribbit
  3938 | D:5      | Reached skill level 6 in Fighting
  4208 | D:5      | Found Ugyczy's Book Emporium.
  4275 | D:5      | Bought a scroll labelled JEESOZ GATEYTI for 23 gold pieces
  4275 | D:5      | Bought a scroll labelled SUCOGY DAPIUDO for 23 gold pieces
  4275 | D:5      | Bought a scroll labelled XIOSANNODE for 23 gold pieces
  4496 | D:5      | HP: 8/85 [Crazy Yiuf/+4 quarterstaff of chaos (3)]
  4498 | D:5      | Slain by Crazy Yiuf

Vanquished Creatures
  Prince Ribbit (D:5)
  Sigmund (D:3)
  An ogre (D:5)
  A centaur (D:5)
  A gnoll sergeant (D:5)
  A hound (D:5)
  Jessica (D:2)
  Natasha (thrice) (D:4)
  4 gnolls
  4 adders
  3 dart slugs
  An orc (D:3)
  7 endoplasms
  A giant cockroach (D:2)
  5 goblins
  2 hobgoblins (D:2)
  3 jackals (D:1)
  5 kobolds
  2 quokkas
  7 ball pythons
  2 bats
  3 frilled lizards
  6 rats
65 creatures vanquished.

Table legend: (Time is in decaauts)
 A = Elapsed time spent in this place.
 B = Non-inter-level travel time spent in this place.
 C = Inter-level travel time spent in this place.
 D = Time resting spent in this place.
 E = Time spent auto-exploring this place.
 F = Levels seen in this place.
 G = Mean time per level.
                   A        B        C        D        E       F      G
               +--------+--------+--------+--------+--------+-----+--------+
         Total |   4548 |   4316 |    232 |    715 |   2900 |   5 |  909.6 |
       Dungeon |   4548 |   4316 |    232 |    715 |   2900 |   5 |  909.6 |
               +--------+--------+--------+--------+--------+-----+--------+

Top non-repeatable levels by time:
     D:5: 1184 daAuts
     D:2: 1043 daAuts
     D:3: 969 daAuts
     D:4: 832 daAuts
     D:1: 519 daAuts

Table legend:
 A = Non-vault XP
 B = Vault XP
 C = Vault XP percentage of total XP
 D = Non-vault monster count
 E = Vault monster count
 F = Vault count percentage of total count
                 A         B        C        D         E       F
            +---------+---------+-------+---------+---------+-------
      Total |     618 |     580 |  48.4 |      60 |       5 |   7.7
            +---------+---------+-------+---------+---------+-------
        D:1 |      27 |       0 |   0.0 |      16 |       0 |   0.0
        D:2 |      51 |      39 |  43.3 |      17 |       2 |  10.5
        D:3 |      33 |     223 |  87.1 |      11 |       1 |   8.3
        D:4 |      96 |      35 |  26.7 |       8 |       1 |  11.1
        D:5 |     411 |     283 |  40.8 |       8 |       1 |  11.1
            +---------+---------+-------+---------+---------+-------
